 Dungeon Crawl Stone Soup version 0.17.1-3-g152610e (webtiles) character file.

34 inmateoo the Vexing (level 3, 0/21 HPs)
             Began as a Kobold Arcane Marksman on Feb 23, 2016.
             Slain by Natasha (8 damage)
             ... on level 2 of the Dungeon.
             The game lasted 00:02:58 (1037 turns).

inmateoo the Vexing (Kobold Arcane Marksman)        Turns: 1037, Time: 00:02:58

Health: 0/21       AC:  5    Str: 10    XL:     3   Next: 50%
Magic:  4/4        EV: 15    Int: 11    God:
Gold:   89         SH:  0    Dex: 15    Spells: 1 memorised, 3 levels left

rFire  . . .     SeeInvis .     a - +0 hand crossbow
rCold  . . .     Clarity  .     b - +0 robe
rNeg   . . .     SustAt   .     (shield restricted)
rPois  .         Gourm    .     (no helmet)
rElec  .         Spirit   .     n - +2 cloak
rCorr  .         Warding  .     (no gloves)
rMut   .         Stasis   .     (no boots)
MR     .....                    (no amulet)
Stlth  +.........               (no ring)
                                (no ring)

@: not resistant to hostile enchantments, very unstealthy
A: carnivore 3
a: no special abilities


You were on level 2 of the Dungeon.
You were completely stuffed.

You visited 1 branch of the dungeon, and saw 2 of its levels.

You collected 89 gold pieces.

Inventory:

Hand Weapons
 a - a +0 hand crossbow (weapon)
 h - a +0 dagger
Missiles
 d - 12 bolts (quivered)
Armour
 b - a +0 robe (worn)
 n - a +2 cloak (worn)
Scrolls
 g - a scroll of noise {unknown}
 j - 2 scrolls of enchant weapon {unknown}
 l - 2 scrolls of fog {unknown}
 p - a scroll of magic mapping {unknown}
Potions
 f - 2 potions of degeneration {unknown}
 k - a potion of beneficial mutation {unknown}
 m - 2 potions of curing {unknown}
 o - a potion of brilliance {unknown}
Books
 c - a book of Debilitation

   Spells                             Type                      Level
   a - Corona                         Hexes                        1
   b - Slow                           Hexes                        2
   c - Gell's Gravitas                Hexes/Translocation          3
   d - Inner Flame                    Hexes/Fire                   3
   e - Cause Fear                     Hexes                        4
   f - Leda's Liquefaction            Hexes/Earth                  4
Comestibles
 e - a meat ration
 i - a beef jerky


   Skills:
 + Level 2.1 Fighting
 - Level 2.4 Crossbows
 + Level 3.0 Dodging
 * Level 1.6 Unarmed Combat
 - Level 1.0 Spellcasting
 - Level 3.0 Hexes


You had 3 spell levels left.
You knew the following spells:

 Your Spells              Type           Power        Failure   Level  Hunger
a - Corona                Hex            #......      12%         1    ##.....


Dungeon Overview and Level Annotations

Branches:
Dungeon (2/15)

Altars:

Annotations:
D:2 Natasha


Innate Abilities, Weirdness & Mutations

You are small and have problems with some larger weapons.
You are carnivorous and can eat meat at any time.


Message History

Press: ? - help, Shift-Dir - straight line, f/p - Natasha
Aim: Natasha (lightly wounded)
You shoot a bolt. The bolt barely misses Natasha.
Natasha casts a spell.
Firing (i - inventory):
d - 14 bolts (quivered)
Press: ? - help, Shift-Dir - straight line, f/p - Natasha
Aim: Natasha (lightly wounded)
You shoot a bolt.
The bolt hits Natasha but does no damage.
Natasha is lightly wounded.
Natasha claws you. The crimson imp hits you.
Natasha stares at you and mumbles some strange words.
The magic dart hits you!
Firing (i - inventory):
d - 13 bolts (quivered)
Press: ? - help, Shift-Dir - straight line, f/p - Natasha
Aim: Natasha (lightly wounded)
You shoot a bolt. The bolt hits Natasha.
Natasha is moderately wounded.
The crimson imp completely misses you. Natasha claws you!
You die...

..... #. .... #.#
...### ... #.##..
#.# #######.##.. ...
............
#.#############.#...
#.........#.....#.##
#.#@#####.#.###.#.#
#5h.#.........#.#
#.#(#.#.#.......#
.?#(#.#.#####.###
### #.#.# #.# #.#.#
#.# #...# #.# #.###
#.# ### ##


You could see Natasha and a crimson imp.

Vanquished Creatures
  A worm (D:2)
  A giant gecko (D:1)
  4 goblins
  5 hobgoblins
  4 bats
  3 giant newts (D:1)
  2 jackals (D:2)
  6 kobolds
  5 rats
31 creatures vanquished.

Notes
Turn   | Place    | Note
--------------------------------------------------------------
     0 | D:1      | inmateoo the Kobold Arcane Marksman began the quest for the Orb.
     0 | D:1      | Reached XP level 1. HP: 12/12 MP: 2/2
   118 | D:1      | Reached XP level 2. HP: 16/16 MP: 3/3
   412 | D:1      | Reached skill level 1 in Unarmed Combat
   758 | D:2      | Reached XP level 3. HP: 21/21 MP: 4/4
  1033 | D:2      | Noticed Natasha
  1037 | D:2      | Slain by Natasha

Action                   || total
-------------------------++-------
 Fire: Hand crossbow     ||    65
  Eat: Chunk             ||     9
